 Bloatcrawl 2 version 0.50.1-497-g763ebf1 (webtiles) character file.

Game seed: 12677664896091731954, levelgen mode: deterministic

39 Kalegnar the Conjurer (level 3, 0/26 HPs)
             Began as a Xeno Elf Conjurer on Oct 15, 2020.
             Slain by a kobold (2 damage)
             ... on level 1 of the Dungeon.
             The game lasted 00:03:00 (405 turns).

Kalegnar the Conjurer (Xeno Elf Conjurer)            Turns: 405, Time: 00:03:00

Health: 0/26       AC:  0    Str: 10    XL:     3   Next: 67%
Magic:  2/8        EV: 14    Int: 18    God:
Gold:   6          SH:  8    Dex:  9    Spells: 4/7 levels left Game modifiers: x1.5 XP

rFire   . . .      SeeInvis .      - Unarmed
rCold   . . .      Gourm    .    (shield unavailable)
rNeg    . . .      Faith    +    (armour unavailable)
rPois   .          Spirit   .    (no helmet)
rElec   .          Reflect  .    (cloak unavailable)
rCorr   .          Harm     .    (gloves unavailable)
MR      .....                    (no boots)
Stlth   ++........               f - amulet of faith
HPRegen 0.08/turn                (no ring)
MPRegen 0.11/turn                (no ring)

@: no status effects
A: exoskeleton, chitinous plating, mana feet, efficient magic
a: no special abilities


You were on level 1 of the Dungeon.
You were not hungry.

You visited 1 branch of the dungeon, and saw 1 of its levels.

You collected 6 gold pieces.

Inventory:

Jewellery
 f - an amulet of faith (around neck)
Scrolls
 a - a scroll of enchant armour {unknown}
 c - 2 scrolls of identify {unknown}
 e - a scroll of enchant weapon {unknown}
Potions
 d - a potion of haste {unknown}
Comestibles
 b - 2 rations


   Skills:
 + Level 2.6 Dodging
 - Level 2.0 Stealth
 + Level 1.1 Unarmed Combat
 + Level 2.8 Spellcasting
 + Level 4.7 Conjurations


You had 4 spell levels left.
You knew the following spells:

 Your Spells              Type           Power        Failure   Level  Hunger
a - Magic Dart            Conj           ###.         2%          1    None
b - Searing Ray           Conj           ###...       3%          2    ##.....

Your spell library contained the following spells:

 Spells                   Type           Power        Failure   Level  Hunger
 Dazzling Flash           Conj/Hex       ##....       19%         3    ###....
 Fulminant Prism          Conj/Hex       ##........   54%         4    ####...
 Iskenderun's Mystic Bla  Conj/Tloc      ##......     54%         4    ####...


Dungeon Overview and Level Annotations

Branches:
Dungeon (1/15)

Altars:


Innate Abilities, Weirdness & Mutations

You have a chitinous exoskeleton and cannot wear body armour or cloaks. (+2 EV)
Large plates of chitin grow along your hands and arms. (+8 SH)
You lose magic when moving in sight of enemies.
Your spell casting costs are reduced by half (rounded up).


Message History

You barely miss the hobgoblin.
The hobgoblin is severely wounded.
You block the kobold's attack. You block the hobgoblin's attack.
You hit the hobgoblin but do no damage.
The hobgoblin is severely wounded.
The kobold closely misses you. You block the hobgoblin's attack.
You barely miss the hobgoblin.
The hobgoblin is severely wounded.
The kobold closely misses you. The hobgoblin barely misses you.
You barely miss the hobgoblin.
The hobgoblin is severely wounded.
The kobold barely misses you. You block the hobgoblin's attack.
You closely miss the hobgoblin.
The hobgoblin is severely wounded.
The kobold closely misses you. The hobgoblin hits you with a +0 club.
* * * LOW HITPOINT WARNING * * *
You hit the hobgoblin.
You kill the hobgoblin!
The kobold hits you.
You die...

. ..
#..##............ ..
.† #.# #............
..g . #.#
#............
..KK#.##.#
##.....[.....
#..g#..##
##.....##...
#.)g..#####.####....
#.#K#.......# #..)..
# #K######..###.....
#@# #..........
#...).# ##.####..(.
#....... ##.###.....
#(..###.#
#.......... #... .#
#........... #.. ..
#............ ... #.
#............ ...
#.#.........###
#.........# #


You could see a goblin and 2 kobolds.

Vanquished Creatures
  2 dart slugs (D:1)
  A leopard gecko (D:1)
  4 bats (D:1)
  3 goblins (D:1)
  3 hobgoblins (D:1)
  A ball python (D:1)
  A frilled lizard (D:1)
  4 kobolds (D:1)
  A rat (D:1)
20 creatures vanquished.

Notes
Turn   | Place    | Note
-------+----------+-------------------------------------------
     0 | D:1      | Kalegnar the Xeno Elf Conjurer began the quest for the Orb.
     0 | D:1      | Reached XP level 1. HP: 14/14 MP: 4/4
   142 | D:1      | Reached XP level 2. HP: 20/20 MP: 3/6
   263 | D:1      | Learned a level 2 spell: Searing Ray
   350 | D:1      | Reached XP level 3. HP: 26/26 MP: 2/8
   364 | D:1      | Reached skill level 1 in Unarmed Combat
   405 | D:1      | Slain by a kobold

Levels and vault maps discovered:
D:1:      onia_arrival_mini_maze_b, layout_rooms

Skill      XL: |  1  2  3 |
---------------+----------+-----
Unarmed Combat | 1 |  1.1
Dodging        | |  2.6
Stealth        | |  2.0
Spellcasting   | |  2.8
Conjurations   | |  4.7

Action                   || total
-------------------------++-------
Melee: Unarmed           ||    42
 Cast: Magic Dart        ||    17
       Searing Ray       ||     2
 Stab: Distracted        ||     1
Dodge: Dodged            ||    22
Block: Other             ||    19
